 Dungeon Crawl Stone Soup version 0.25-a0-578-gc91f01c (webtiles) character file.

Game seed: 17452847007225625357, levelgen mode: deterministic

116 Faca the Ruffian (level 4, -2/44 HPs)
             Began as a Troll Fighter on Mar 7, 2020.
             Splashed by Ijyb's acid (10 damage)
             ... on level 3 of the Dungeon.
             The game lasted 00:03:58 (1826 turns).

Faca the Ruffian (Troll Fighter)                    Turns: 1826, Time: 00:03:58

Health: -2/44      AC:  3    Str: 25    XL:     4   Next: 69%
Magic:  3/3        EV:  7    Int:  4    God:
Gold:   103        SH:  9    Dex:  9    Spells: 3/3 levels left

rFire    . . .     SeeInvis .     - Unarmed
rCold    . . .     Gourm    +   b - +1 kite shield
rNeg     + . .     Faith    .   a - +0 robe
rPois    +         Spirit   .   (helmet restricted)
rElec    .         Reflect  .   m - +0 cloak
rCorr    .         Harm     .   (gloves unavailable)
MR       .....                  (boots unavailable)
Stlth    +.........             (no amulet)
HPRegen  0.54/turn              k - ring of poison resistance
MPRegen  0.08/turn              i - ring of positive energy

@: corroded, drained
A: large, unfitting armour, claws 3, fast metabolism 3, gourmand, regeneration
1, shaggy fur 1, tough skin 3
a: no special abilities


You were on level 3 of the Dungeon.
You were completely stuffed.

You visited 1 branch of the dungeon, and saw 3 of its levels.

You collected 103 gold pieces.

Inventory:

Missiles
 e - 4 boomerangs (quivered)
Armour
 a - a +0 robe (worn)
 b - a +1 kite shield (worn)
 m - a +0 cloak (worn)
Jewellery
 i - a ring of positive energy (right claw)
 k - a ring of poison resistance (left claw)
Scrolls
 f - a scroll of immolation {unknown}
 h - a scroll of teleportation
 j - 3 scrolls of enchant armour
Potions
 c - a potion of might
 g - 4 potions of curing
 l - a potion of heal wounds
 n - a potion of flight
Comestibles
 d - 11 rations


   Skills:
 - Level 2.4(1.6) Fighting
 - Level 2.4(1.6) Dodging
 - Level 2.4(1.6) Shields
 + Level 5.0(4.2) Unarmed Combat


You had 3 spell levels left.
You didn't know any spells.
Your spell library was empty.

Dungeon Overview and Level Annotations

Branches:
Dungeon (3/15)

Altars:

Annotations:
D:3 Ijyb


Innate Abilities, Weirdness & Mutations

You are too large for most types of armour.
You have claws for hands.
Your metabolism is lightning-fast.
You like to eat raw meat.
Your natural rate of healing is unusually fast.
You are covered in fur. (AC +1)
You have extremely tough skin. (AC +3)


Message History

You closely miss Ijyb.
The hobgoblin hits you but does no damage.
Ijyb hits you but does no damage.
You closely miss Ijyb. The hobgoblin barely misses you. Ijyb hits you.
You completely miss Ijyb. The hobgoblin closely misses you.
Ijyb zaps a wand.
The bolt of acid misses you.
The bolt of acid hits the hobgoblin!!
The hobgoblin is splashed with acid.
The acid corrodes the hobgoblin!
The hobgoblin dies!
You claw Ijyb!
Ijyb is moderately wounded.
Ijyb hits you but does no damage.
You scratch Ijyb but do no damage.
Ijyb is moderately wounded.
Ijyb hits you.
You barely miss Ijyb.
Ijyb is moderately wounded.
Ijyb zaps a wand.
The bolt of acid hits you!!
* * * LOW HITPOINT WARNING * * *
You are splashed with acid!
You die...

######.#### #.#.#
.#......... #.#.#
..........# #.#.#
#..<#....# ####.#.#####
.##....... #....#.....#
.........##.#.##.......#
#.........#.##.####..#
#....).# #.##.#."....
#....@.####.##.#......
.......g)....>#......##.
###......####.#.......#.
#......# #.#.####..#.
#......# #.#.####..#
#......# #.. #..รท..#
##......#######.#...#
#......#.......#...#
#..... #.#######...#


You could see Ijyb.

Vanquished Creatures
  Crazy Yiuf (D:2)
  Jessica (D:2)
  An adder (D:3)
  An ooze (D:2)
  A worm (D:2)
  2 dart slugs
  A leopard gecko (D:2)
  An orc (D:3)
  3 giant cockroaches
  2 goblins (D:1)
  6 hobgoblins
  2 jackals (D:1)
  5 kobolds
  2 quokkas (D:3)
  6 bats
  3 frilled lizards
  4 rats
42 creatures vanquished.

Vanquished Creatures (others)
  A hobgoblin (D:3)
1 creature vanquished.

Grand Total: 43 creatures vanquished

Notes
Turn   | Place    | Note
-------+----------+-------------------------------------------
     0 | D:1      | Faca the Troll Fighter began the quest for the Orb.
     0 | D:1      | Reached XP level 1. HP: 22/22 MP: 0/0
   131 | D:1      | Reached XP level 2. HP: 29/29 MP: 1/1
   231 | D:1      | Reached skill level 3 in Unarmed Combat
   991 | D:2      | Reached XP level 3. HP: 36/36 MP: 2/2
  1031 | D:2      | Noticed Jessica
  1033 | D:2      | Killed Jessica
  1033 | D:2      | Reached skill level 4 in Unarmed Combat
  1310 | D:2      | Reached XP level 4. HP: 44/44 MP: 3/3
  1401 | D:2      | Found a runed translucent door.
  1402 | D:2      | Noticed Crazy Yiuf
  1580 | D:2      | Killed Crazy Yiuf
  1754 | D:3      | Reached skill level 5 in Unarmed Combat
  1790 | D:3      | Found a faded altar of an unknown god.
  1813 | D:3      | Noticed Ijyb
  1826 | D:3      | Splashed by Ijyb's acid

Levels and vault maps discovered:
D:1:      minmay_arrival_three_doors, layout_basic, hex_intersection,
          st_stairs_1, corexii_corridor_pit, minmay_misc_feat_four_crosses
D:2:      layout_loops_ring, first_ration, serial_forest,
          infiniplex_forest_lined_2, infiniplex_forest_corner_1,
          infiniplex_forest_clump_long, infiniplex_forest_lined_room_2,
          infiniplex_forest_clump_curved, infiniplex_forest_lined_3,
          infiniplex_forest_zigzag_1, uniq_crazy_yiuf_cottage, uniq_jessica
D:3:      layout_basic, chequers_ecumenical_altar_simple, minmay_crystal_room,
          kennysheep_nondescript, uniq_ijyb, uniq_sigmund

Skill      XL: |  1  2  3  4 |
---------------+-------------+-----
Unarmed Combat | 3 4 5 |  5.0
Fighting       | |  2.4
Dodging        | |  2.4
Shields        | |  2.4

Action                   |  1- 3 |  4- 6 || total
-------------------------+-------+-------++-------
Melee: Unarmed           |   106 |    40 ||   146
  Use: Scroll            |     6 |     2 ||     8
       Potion            |       |     1 ||     1
  Eat: Chunk             |    15 |     7 ||    22
Armor: Robe              |    39 |    16 ||    55
Dodge: Dodged            |    30 |    10 ||    40
Block: Kite shield       |    39 |    12 ||    51

Table legend:
 A = Non-vault XP
 B = Vault XP
 C = Vault XP percentage of total XP
 D = Non-vault monster count
 E = Vault monster count
 F = Vault count percentage of total count
                 A         B        C        D         E       F
            +---------+---------+-------+---------+---------+-------
      Total |      88 |      78 |  47.0 |      39 |       3 |   7.1
            +---------+---------+-------+---------+---------+-------
        D:1 |      28 |       2 |   6.7 |      19 |       1 |   5.0
        D:2 |      36 |      76 |  67.9 |      15 |       2 |  11.8
        D:3 |      24 |       0 |   0.0 |       5 |       0 |   0.0
            +---------+---------+-------+---------+---------+-------
